MLB
CLEVELAND GUARDIANS @ OAKLAND ATHLETICS
09/28/2041
 
TOP OF THE 1ST
Cleveland Guardians batting - Pitching for Oakland Athletics : LHP Tim Lewis
Pitching: LHP Tim Lewis
Batting: LHB José Consiglio 0-0: Called Strike
0-1: Ball
1-1: Ground out 4-3 (Groundball, 4, EV 81.9 MPH)
Batting: RHB José Rodríguez 0-0: Swinging Strike
0-1: Fly out, F8 (Flyball, 89M, EV 83.1 MPH)
Batting: RHB Jorge Velázquez 0-0: Ball
1-0: SINGLE (Line Drive, 7S, EV 100.6 MPH)
Batting: RHB Jeff Jacobs 0-0: Ball
1-0: Called Strike
1-1: Ball
2-1: Ball
3-1: Base on Balls
Jorge Velázquez to second
Batting: SHB Tim Webster 0-0: Swinging Strike
0-1: Ball
1-1: Ball
2-1: Ball
3-1: Base on Balls
Jorge Velázquez to third
Jeff Jacobs to second
Batting: LHB Jesús Garza 0-0: Ball
1-0: Ball
2-0: Ball
3-0: Swinging Strike
3-1: Foul Ball, location: 25F
3-2: Foul Ball, location: 7LSF
3-2: Ground out 5-3 (Groundball, 56, EV 80.6 MPH)
Top of the 1st over - 0 runs, 1 hit, 0 errors, 3 left on base; Cleveland 0 - Oakland 0
BOTTOM OF THE 1ST
Oakland Athletics batting - Pitching for Cleveland Guardians : RHP Alfredo Gutiérrez
Pitching: RHP Alfredo Gutiérrez
Batting: RHB Eric Davis 0-0: SINGLE (Groundball, 6, EV 99.4 MPH) (infield hit)
Batting: RHB Jeremy Johnson 0-0: Ball
Eric Davis steals 2nd base (no throw)
1-0: Ground out 5-3 (Groundball, 56, EV 106.9 MPH)
Eric Davis to third
Batting: LHB Jesús Cantú 0-0: Foul Ball, location: 7LMF
0-1: DOUBLE (Groundball, 3D, EV 102.5 MPH)
Eric Davis scores
Batting: RHB Cecilio Kendall 0-0: Ball
1-0: Called Strike
1-1: Ball
2-1: Foul Ball, location: 7LDF
2-2: Fly out, F4 (Popup, 4M, EV 59.4 MPH)
Batting: RHB Devin Hogan 0-0: Swinging Strike
0-1: Swinging Strike
0-2: Foul Ball, location: 2F
0-2: SINGLE (Groundball, 6MD, EV 93.8 MPH)
Jesús Cantú to third
Runner from 3rd tries for Home, SAFE, throw by CF to home
Devin Hogan to second
Batting: RHB Luis García 0-0: Swinging Strike
0-1: Ball
1-1: Ball
2-1: Swinging Strike
2-2: Strikes out looking
Bottom of the 1st over - 2 runs, 3 hits, 0 errors, 1 left on base; Cleveland 0 - Oakland 2
TOP OF THE 2ND
Cleveland Guardians batting - Pitching for Oakland Athletics : LHP Tim Lewis
Batting: SHB José Valentín 0-0: Ball
1-0: Ball
2-0: Called Strike
2-1: Ball
3-1: Base on Balls
Batting: LHB Stan Walton 0-0: Ball
José Valentín is caught stealing 2nd base 2-6
1-0: Swinging Strike
1-1: Swinging Strike
1-2: Ball
2-2: Strikes out swinging
Batting: LHB Juan Morales 0-0: Called Strike
0-1: Ball
1-1: Ball
2-1: Called Strike
2-2: Ball
3-2: Base on Balls
Batting: LHB José Consiglio 0-0: Ball
1-0: Ground out U3 (Groundball, 3, EV 89.4 MPH)
Top of the 2nd over - 0 runs, 0 hits, 0 errors, 1 left on base; Cleveland 0 - Oakland 2
BOTTOM OF THE 2ND
Oakland Athletics batting - Pitching for Cleveland Guardians : RHP Alfredo Gutiérrez
Batting: SHB Jorge Montáñez 0-0: Ball
1-0: Called Strike
1-1: Ball
2-1: Foul Ball, location: 25F
2-2: Ball
3-2: Strikes out swinging
Batting: RHB Héctor González 0-0: Fly out, F8 (Flyball, 78D, EV 103.8 MPH)
Batting: RHB David Álvarez 0-0: Ball
1-0: Ground out 5-3 (Groundball, 15, EV 85.0 MPH)
Bottom of the 2nd over - 0 runs, 0 hits, 0 errors, 0 left on base; Cleveland 0 - Oakland 2
TOP OF THE 3RD
Cleveland Guardians batting - Pitching for Oakland Athletics : LHP Tim Lewis
Batting: RHB José Rodríguez 0-0: Swinging Strike
0-1: Called Strike
0-2: Strikes out swinging
Batting: RHB Jorge Velázquez 0-0: Called Strike
0-1: Fly out, F8 (Flyball, 8RD, EV 103.1 MPH)
Batting: RHB Jeff Jacobs 0-0: Called Strike
0-1: Ball
1-1: Swinging Strike
1-2: Strikes out looking
Top of the 3rd over - 0 runs, 0 hits, 0 errors, 0 left on base; Cleveland 0 - Oakland 2
BOTTOM OF THE 3RD
Oakland Athletics batting - Pitching for Cleveland Guardians : RHP Alfredo Gutiérrez
Batting: RHB Eric Davis 0-0: Ground out 6-3 (Groundball, 56D, EV 90.0 MPH)
Batting: RHB Jeremy Johnson 0-0: Called Strike
0-1: Ball
1-1: Foul Ball, location: 2F
1-2: Ball
2-2: Ball
3-2: Foul Ball, location: 2F
3-2: Foul Ball, location: 5FF
3-2: SINGLE (Groundball, 4D, EV 100.0 MPH)
Batting: LHB Jesús Cantú 0-0: Ball
1-0: Ball
2-0: Foul Ball, location: 3FF
2-1: Grounds into double play, 1-6-3 (Groundball, 13S, EV 67.5 MPH)
Bottom of the 3rd over - 0 runs, 1 hit, 0 errors, 0 left on base; Cleveland 0 - Oakland 2
TOP OF THE 4TH
Cleveland Guardians batting - Pitching for Oakland Athletics : LHP Tim Lewis
Batting: SHB Tim Webster 0-0: Foul Ball, location: 25F
0-1: DOUBLE (Flyball, 89XD, EV 109.4 MPH)
Batting: LHB Jesús Garza 0-0: Foul Ball, location: 2F
0-1: Swinging Strike
0-2: Ball
1-2: Strikes out looking
Batting: SHB José Valentín 0-0: Ball
1-0: Fly out, F9 (Flyball, 9, EV 88.8 MPH)
Batting: LHB Stan Walton 0-0: Swinging Strike
0-1: Swinging Strike
0-2: Strikes out looking
Top of the 4th over - 0 runs, 1 hit, 0 errors, 1 left on base; Cleveland 0 - Oakland 2
BOTTOM OF THE 4TH
Oakland Athletics batting - Pitching for Cleveland Guardians : RHP Alfredo Gutiérrez
Batting: RHB Cecilio Kendall 0-0: Called Strike
0-1: Foul Ball, location: 2F
0-2: Ball
1-2: DOUBLE (Flyball, 8RXD, EV 103.8 MPH)
Batting: RHB Devin Hogan 0-0: Foul Ball, location: 23FF
0-1: Foul Ball, location: 3F
0-2: Ball
1-2: DOUBLE (Flyball, 8RXD, EV 96.3 MPH)
Cecilio Kendall scores
Batting: RHB Luis García 0-0: Called Strike
0-1: Swinging Strike
0-2: Foul Ball, location: 2F
0-2: Strikes out swinging
Batting: SHB Jorge Montáñez 0-0: Swinging Strike
0-1: Ball
1-1: Foul Ball, location: 7LMF
1-2: Reached on error, E3 (Groundball, 3, EV 106.3 MPH)
Batting: RHB Héctor González 0-0: Foul Ball, location: 5F
0-1: Ball
1-1: Swinging Strike
1-2: Foul Ball, location: 23F
1-2: Ball
2-2: Ball
3-2: Strikes out swinging
Batting: RHB David Álvarez 0-0: Ball
1-0: Fly out, F8 (Flyball, 8LM, EV 100.6 MPH)
Bottom of the 4th over - 1 run, 2 hits, 1 error, 2 left on base; Cleveland 0 - Oakland 3
TOP OF THE 5TH
Cleveland Guardians batting - Pitching for Oakland Athletics : LHP Tim Lewis
Batting: LHB Juan Morales 0-0: Ball
1-0: Ball
2-0: Called Strike
2-1: Foul Ball, location: 23F
2-2: Ball
3-2: SOLO HOME RUN (Flyball, 9D, EV 108.1 MPH), Distance : 410 ft
Batting: LHB José Consiglio 0-0: Ball
1-0: Ball
2-0: Ball
3-0: Called Strike
3-1: Ground out 1-3 (Groundball, 13S, EV 69.4 MPH)
Batting: RHB José Rodríguez 0-0: Foul Ball, location: 2F
0-1: Called Strike
0-2: Foul Ball, location: 3SF
0-2: SINGLE (Line Drive, 5D, EV 108.8 MPH)
Batting: RHB Jorge Velázquez 0-0: Ball
1-0: Ball
2-0: Ball
3-0: Foul Ball, location: 9LSF
3-1: Fly out, F5 (Popup, 25F, EV 86.9 MPH)
Batting: RHB Jeff Jacobs 0-0: Ball
1-0: Ball
José Rodríguez is caught stealing 2nd base 2-4
Top of the 5th over - 1 run, 2 hits, 0 errors, 0 left on base; Cleveland 1 - Oakland 3
BOTTOM OF THE 5TH
Oakland Athletics batting - Pitching for Cleveland Guardians : RHP Alfredo Gutiérrez
Batting: RHB Eric Davis 0-0: Called Strike
0-1: Ball
1-1: Called Strike
1-2: Strikes out looking
Batting: RHB Jeremy Johnson 0-0: Called Strike
0-1: Ball
1-1: Ball
2-1: Foul Ball, location: 3SF
2-2: Ball
3-2: Foul Ball, location: 2F
3-2: Base on Balls
Batting: LHB Jesús Cantú 0-0: Ball
Jeremy Johnson steals 2nd base
1-0: Called Strike
1-1: Called Strike
Jeremy Johnson steals 3rd base
1-2: Foul Ball, location: 3FF
1-2: Ball
2-2: Ball
3-2: SINGLE (Line Drive, 8LS, EV 94.4 MPH)
Jeremy Johnson scores
Batting: RHB Cecilio Kendall 0-0: Ball
1-0: Ball
2-0: Foul Ball, location: 3DF
2-1: Swinging Strike
2-2: Foul Ball, location: 2F
2-2: Foul Ball, location: 5FF
2-2: Grounds into double play, 5-4-3 (Groundball, 56, EV 85.6 MPH)
Bottom of the 5th over - 1 run, 1 hit, 0 errors, 0 left on base; Cleveland 1 - Oakland 4
TOP OF THE 6TH
Cleveland Guardians batting - Pitching for Oakland Athletics : LHP Tim Lewis
Batting: RHB Jeff Jacobs 0-0: Called Strike
0-1: DOUBLE (Flyball, 78D, EV 101.9 MPH)
Batting: SHB Tim Webster 0-0: Ball
1-0: SINGLE (Line Drive, 6MD, EV 96.9 MPH)
Jeff Jacobs to third
Runner from 3rd tries for Home, throw by CF and OUT! 8-2
Tim Webster to second
Batting: LHB Jesús Garza 0-0: Ball
1-0: Foul Ball, location: 9LSF
1-1: Ball
2-1: Ground out 6-3 (Groundball, 6MS, EV 91.9 MPH)
Tim Webster to third
Batting: SHB José Valentín 0-0: Ball
1-0: Fly out, F9 (Flyball, 9LS, EV 89.4 MPH)
Top of the 6th over - 0 runs, 2 hits, 0 errors, 1 left on base; Cleveland 1 - Oakland 4
BOTTOM OF THE 6TH
Oakland Athletics batting - Pitching for Cleveland Guardians : RHP Alfredo Gutiérrez
Batting: RHB Devin Hogan 0-0: Ground out 6-3 (Groundball, 6, EV 90.6 MPH)
Batting: RHB Luis García 0-0: Ball
1-0: Ball
2-0: Called Strike
2-1: Swinging Strike
2-2: Foul Ball, location: 2F
2-2: Ball
3-2: Foul Ball, location: 2F
3-2: Strikes out swinging
Pitching: LHP Greg Curry
Batting: SHB Jorge Montáñez 0-0: Swinging Strike
0-1: Foul Ball, location: 2F
0-2: Ball
1-2: Strikes out swinging
Bottom of the 6th over - 0 runs, 0 hits, 0 errors, 0 left on base; Cleveland 1 - Oakland 4
TOP OF THE 7TH
Cleveland Guardians batting - Pitching for Oakland Athletics : LHP Tim Lewis
Batting: LHB Stan Walton 0-0: Ball
1-0: Called Strike
1-1: Ball
2-1: Foul Ball, location: 7LSF
2-2: Foul Ball, location: 2F
2-2: Strikes out looking
Pitching: RHP Norm Roy
Batting: LHB Juan Morales 0-0: Ball
1-0: Swinging Strike
1-1: Foul Ball, location: 7LMF
1-2: Strikes out swinging
Batting: LHB José Consiglio 0-0: Foul Ball, location: 5DF
0-1: Ground out 6-3 (Groundball, 6, EV 84.4 MPH)
Top of the 7th over - 0 runs, 0 hits, 0 errors, 0 left on base; Cleveland 1 - Oakland 4
BOTTOM OF THE 7TH
Oakland Athletics batting - Pitching for Cleveland Guardians : LHP Greg Curry
Batting: RHB Héctor González 0-0: SINGLE (Line Drive, 7S, EV 98.8 MPH)
Batting: RHB David Álvarez 0-0: Bunt - Flyout to 5S! F5
Batting: RHB Eric Davis 0-0: Called Strike
0-1: Ball
1-1: Fly out, F3 (Popup, 3L, EV 76.3 MPH)
Batting: RHB Jeremy Johnson 0-0: Foul Ball, location: 9LDF
0-1: Fly out, F6 (Popup, P, EV 78.1 MPH)
Bottom of the 7th over - 0 runs, 1 hit, 0 errors, 1 left on base; Cleveland 1 - Oakland 4
TOP OF THE 8TH
Cleveland Guardians batting - Pitching for Oakland Athletics : RHP Norm Roy
Batting: RHB José Rodríguez 0-0: Foul Ball, location: 2F
0-1: Swinging Strike
0-2: Ball
1-2: Strikes out swinging
Batting: RHB Jorge Velázquez 0-0: Ball
1-0: Ball
2-0: Fly out, F8 (Flyball, 89S, EV 91.3 MPH)
Batting: RHB Jeff Jacobs 0-0: Ball
1-0: Called Strike
1-1: Called Strike
1-2: Strikes out looking
Top of the 8th over - 0 runs, 0 hits, 0 errors, 0 left on base; Cleveland 1 - Oakland 4
BOTTOM OF THE 8TH
Oakland Athletics batting - Pitching for Cleveland Guardians : LHP Greg Curry
Pinch Hitting: RHB Jody Dailey 0-0: Ball
1-0: Fly out, F8 (Flyball, 89D, EV 99.4 MPH)
Batting: RHB Cecilio Kendall 0-0: Ball
1-0: Called Strike
1-1: Ball
2-1: Foul Ball, location: 5SF
2-2: Ball
3-2: Strikes out swinging
Batting: RHB Devin Hogan 0-0: Ball
1-0: Ball
2-0: Called Strike
2-1: Foul Ball, location: 5SF
2-2: DOUBLE (Line Drive, 7LM, EV 88.8 MPH)
Batting: RHB Luis García 0-0: Ball
1-0: Foul Ball, location: 2F
1-1: Ground out 5-3 (Groundball, 15, EV 83.1 MPH)
Bottom of the 8th over - 0 runs, 1 hit, 0 errors, 1 left on base; Cleveland 1 - Oakland 4
TOP OF THE 9TH
Cleveland Guardians batting - Pitching for Oakland Athletics : RHP Norm Roy
Now at 1B: Dane Edgar
Now in LF: Rob Bryant
Now in CF: Luis De La Cruz
Now in RF: David Álvarez
Batting: SHB Tim Webster 0-0: Called Strike
0-1: Ball
1-1: Ball
2-1: Foul Ball, location: 2F
2-2: Fly out, F8 (Flyball, 8RM, EV 98.8 MPH)
Batting: LHB Jesús Garza 0-0: Ball
1-0: Fly out, F6 (Popup, 6MS, EV 73.8 MPH)
Batting: SHB José Valentín 0-0: Called Strike
0-1: Foul Ball, location: 2F
0-2: Ball
1-2: Fly out, F4 (Line Drive, 4D, EV 70.0 MPH)
Top of the 9th over - 0 runs, 0 hits, 0 errors, 0 left on base; Cleveland 1 - Oakland 4
Sunday, March 24th , 2024 - OOTP Baseball 24.10 Build 82